 Dungeon Crawl Stone Soup version 0.22-a0-223-g0f5d773 (webtiles) character file.

295 Gorglomux the Ducker (level 6, 0/30 HPs)
             Began as a Spriggan Warper on Feb 19, 2018.
             Slain by a gnoll sergeant
             ... wielding a +0 spear
              (12 damage)
             ... on level 4 of the Dungeon.
             The game lasted 00:09:29 (4432 turns).

Gorglomux the Ducker (Spriggan Warper)              Turns: 4432, Time: 00:09:30

Health: 0/30       AC:  5    Str:  7    XL:     6   Next: 11%
Magic:  1/11       EV: 24    Int: 16    God:
Gold:   164        SH:  0    Dex: 20    Spells: 3/10 levels left

rFire    . . .     SeeInvis +   H - +3 short sword (freeze)
rCold    . . .     Gourm    .   (shield restricted)
rNeg     . . .     Faith    .   b - +0 robe
rPois    .         Spirit   .   C - +2 hat
rElec    .         Reflect  .   W - +0 cloak
rCorr    .         Harm     .   (gloves unavailable)
MR       +....                  (boots unavailable)
Stlth    ++++......             (no amulet)
HPRegen  0.10/turn              x - ring of stealth
MPRegen  0.12/turn              S - +4 ring of dexterity

@: very quick
A: very small, unfitting armour, see invisible, herbivore, speed 3, slow
metabolism 2
a: no special abilities


You were on level 4 of the Dungeon.
You were very hungry.

You visited 1 branch of the dungeon, and saw 4 of its levels.

You collected 164 gold pieces.

Inventory:

Hand Weapons
 H - a +3 short sword of freezing (weapon)
Missiles
 e - 5 tomahawks of dispersal (quivered)
 Y - 2 tomahawks
Armour
 b - a +0 robe (worn)
 C - a +2 hat (worn)
 W - a +0 cloak (worn)
Jewellery
 x - a ring of stealth (left hand)
 S - a +4 ring of dexterity (right hand)
Scrolls
 B - a scroll of blinking
 K - a scroll of magic mapping {unknown}
 M - 2 scrolls of identify {unknown}
 N - 2 scrolls of remove curse {unknown}
 T - 3 scrolls of teleportation
 X - a scroll of amnesia {unknown}
Potions
 I - a potion of cancellation {unknown}
 J - a potion of haste
 L - a potion of heal wounds
 O - 2 potions of berserk rage {unknown}
 U - a potion of mutation {unknown}
 V - a potion of flight {unknown}
 Z - 2 potions of might
Comestibles
 c - 8 rations


   Skills:
 - Level 2.1 Fighting
 + Level 2.2 Short Blades
 - Level 1.0 Throwing
 - Level 7.7 Dodging
 - Level 5.3 Stealth
 - Level 2.6 Spellcasting
 - Level 4.4 Translocations


You had 3 spell levels left.
You knew the following spells:

 Your Spells              Type           Power        Failure   Level  Hunger
a - Gell's Gravitas       Tloc           ###.......   10%         3    ###....
d - Blink                 Tloc           N/A          4%          2    ##.....
h - Shroud of Golubria    Chrm/Tloc      #.........   12%         2    ##.....


Dungeon Overview and Level Annotations

Branches:
Dungeon (4/15)
 Temple: D:4-7

Altars:
Qazlal
Uskayaw

Annotations:
D:3 1 exclusion
D:4 MacroTabsAreStupid's ghost, amateur DDFi; Pikel


Innate Abilities, Weirdness & Mutations

You are very small and have problems with some larger weapons.
You are too small for most types of armour.
You have supernaturally acute eyesight. (SInv)
You are a herbivore.
You cover ground extremely quickly.
You need consume almost no food.


Message History

Confirm with ! or Enter, or press ? or * to list all spells!
Aiming: Gell'butts Gravitas (safe; 10% risk of failure)
Press: ? - help, Dir - butt target cursor, butt - gnoll Gravity reorients around empty space!
The gnoll collides with the butt sergeant!!!
The gnoll collides with the gnoll butt!!!
The gnoll sergeant closely misses butt!
The gnoll misses you!
Unknown command!
The gnoll throws a stone!
The stone completely misses you!
You see here a stone!
Casting: Gell's Gravitas (safe; 10% risk of failure)
Confirm with ! or Enter, or press ? or * to list all spells!
Aiming: Gell's Gravitas (safe; 10% risk of failure)
Press: ? - help, Dir - move target cursor, f - gnoll
Aim: a gnoll, wielding a flail (moderately wounded) Gravity reorients around the gnoll!
The gnoll sergeant collides with the gnoll!!!
The gnoll butts with the gnoll!!!
The gnoll butt butts you from afar with a spear!!! rip

##### #.## #.o... ....##
#..#####......
###..################.#.......(..
##...p.pW.......W........p.....
#####################...p...W....
.....#...........#####...........
.#.....##..............g.........
...#.###..######.######..#.....K.
.........#......@gg.###..#....$.p
.#.##.###.........g.g##....#.....
.#.##.##..................#######
##..#..................##.#
......................##
.....###.>.............. .....#
#................. ##
.....####...........(.....# #.
........................... #..


You could see a gnoll sergeant and 3 gnolls.

Vanquished Creatures
  A centaur (D:4)
  Terence (D:2)
  A worker ant (D:4)
  A hound skeleton (D:4)
  4 adders
  An adder skeleton (D:4)
  A worm (D:3)
  3 dart slugs
  4 leopard geckos
  8 orcs
  2 giant cockroaches
  6 hobgoblins
  9 jackals
  5 quokkas
  A ball python (D:3)
  11 bats
  8 frilled lizards
  9 goblins
  A jackal skeleton (D:4)
  14 kobolds
  9 rats
100 creatures vanquished.

Vanquished Creatures (others)
  A plant (D:1)
1 creature vanquished.

Grand Total: 101 creatures vanquished

Notes
Turn   | Place    | Note
-------+----------+-------------------------------------------
     0 | D:1      | Gorglomux the Spriggan Warper began the quest for the Orb.
     0 | D:1      | Reached XP level 1. HP: 10/10 MP: 5/5
    27 | D:1      | Reached skill level 1 in Stealth
   322 | D:1      | Reached XP level 2. HP: 14/14 MP: 6/6
   333 | D:1      | Reached skill level 3 in Stealth
   563 | D:1      | Learned a level 2 spell: Shroud of Golubria
  1456 | D:1      | Reached XP level 3. HP: 14/18 MP: 5/8
  1485 | D:1      | Learned a level 3 spell: Gell's Gravitas
  1777 | D:1      | HP: 1/27 [poisoned by an adder]
  2162 | D:2      | Reached XP level 4. HP: 16/23 MP: 7/9
  2290 | D:2      | Found a hide-covered altar of Uskayaw.
  2363 | D:2      | Noticed Terence
  2373 | D:2      | Reached skill level 4 in Dodging
  2387 | D:2      | Killed Terence
  2399 | D:2      | Reached skill level 5 in Dodging
  2597 | D:3      | Noticed an earth elemental
  2601 | D:3      | Found a stormy altar of Qazlal.
  2602 | D:3      | Noticed a fire elemental
  2602 | D:3      | Noticed an air elemental
  2602 | D:3      | Noticed a water elemental
  2744 | D:3      | Reached XP level 5. HP: 22/26 MP: 10/10
  2748 | D:3      | Learned a level 2 spell: Blink
  3364 | D:4      | Reached skill level 6 in Dodging
  3424 | D:4      | Noticed a centaur
  3490 | D:4      | Noticed a slave
  3491 | D:4      | Noticed a slave
  3491 | D:4      | Noticed a slave
  3491 | D:4      | Noticed MacroTabsAreStupid's ghost (amateur DDFi)
  3492 | D:4      | Noticed Pikel
  3868 | D:4      | Killed a centaur
  3868 | D:4      | Reached skill level 7 in Dodging
  3868 | D:4      | Reached XP level 6. HP: 21/30 MP: 7/11
  4432 | D:4      | Slain by a gnoll sergeant

Vault maps used:
D:1:      kennysheep_arrival_forest, lexackson_kobold_supper
D:2:      eat_drink_and_be_merry_uskayaw, first_ration, uniq_terence
D:3:      nicolae_qazlal_style_of_elements, tgw_sif
D:4:      minivault_5, dk_noncrumbling_4, grunt_ministairs_14, lightli_minifort,
          uniq_pikel

Skill      XL: |  1  2  3  4  5 |
---------------+----------------+-----
Stealth        | 2 4 5 |  5.3
Fighting       | 2 |  2.1
Dodging        | 5 7 |  7.7
Short Blades   | |  2.2
Throwing       | |  1.0
Spellcasting   | |  2.6
Translocations | |  4.4

Action                   |  1- 3 |  4- 6 || total
-------------------------+-------+-------++-------
Melee: Short sword       |   202 |   140 ||   342
 Cast: Shroud of Golubri |    19 |     5 ||    24
       Gell's Gravitas   |       |    13 ||    13
  Use: Scroll            |     2 |       ||     2
       Potion            |     2 |       ||     2
 Stab: Sleeping          |     5 |     6 ||    11
       Distracted        |     2 |       ||     2
  Eat: Ration            |       |     2 ||     2
Armor: Robe              |    48 |    21 ||    69
       Skin              |     4 |       ||     4
Dodge: Dodged            |   242 |   139 ||   381

Table legend:
 A = Spawn XP
 B = Non-spawn XP
 C = Spawn XP percentage of total XP
 D = Spawn monster count
 E = Non-spawn monster count
 F = Spawn count percentage of total count
 G = Total turns spent on level
                    A         B        C        D         E        F      G
               +---------+---------+-------+---------+---------+-------+---------
         Total |       0 |     422 |   0.0 |       0 |     100 |   0.0 |  4432
               +---------+---------+-------+---------+---------+-------+---------
           D:1 |       0 |      71 |   0.0 |       0 |      37 |   0.0 |  2018
           D:2 |       0 |     107 |   0.0 |       0 |      28 |   0.0 |   550
           D:3 |       0 |      54 |   0.0 |       0 |      21 |   0.0 |   784
           D:4 |       0 |     190 |   0.0 |       0 |      14 |   0.0 |  1080
               +---------+---------+-------+---------+---------+-------+---------
